Avalanche vs Rangers

Created - January-30-15 at 17:16

Goals
1 2 3 T
Avalanche 1 1 0 2
Rangers 1 0 2 3
Shots
1 2 3 T
Avalanche 6 15 4 25
Rangers 9 6 14 29

1st period

1. Avalanche , Cody Hodgson 12 (Christopher Higgins, Sami Vatanen) at 7:21
2. Rangers , Jaromir Jagr 17 (Karl Alzner, Sean Couturier) at 12:17

Penalties :
Alex Goligoski (NYR) for High sticking (Minor) at 0:15, Anton Volchenkov (NYR) for Holding (Minor) at 1:25, Anton Volchenkov (NYR) for Hooking (Minor) at 9:59, Christopher Higgins (COL) for Tripping (Minor) at 9:59, Bryan Allen (NYR) for Roughing (Minor) at 19:32

2nd period

3. Avalanche , Riley Sheahan 10 (Sami Vatanen, Tyson Barrie) at 14:33 (PP)

Penalties :
Kris Russell (NYR) for Roughing (Double Minor) at 12:41

3rd period

4. Rangers , Mikael Backlund 11 (Chris Tanev, Tyler Ennis) at 1:16
5. Rangers , Jaromir Jagr 18 (Alex Goligoski, Kris Russell) at 18:40

Penalties :
Bryan Allen (NYR) for Close Hand On Puck (Minor) at 2:10, Ryane Clowe (COL) for High sticking (Minor) at 5:12, Bryan Allen (NYR) for Interference (Minor) at 9:46, Alex Goligoski (NYR) for Roughing (Minor) at 14:16

Goalie Stats

Martin Jones (COL), 26 saves from 29 shots - (0.897), L, 9-13-2, 59:17 minutes
Brian Elliott (NYR), 23 saves from 25 shots - (0.920), W, 15-9-4, 60:00 minutes

Players Stats for Avalanche

Player Name              G  A  P  +/- PIM S  H  SB GA TA FO     MP     PP MP  PK MP  
------------------------------------------------------------------------------------
Christopher Higgins      0  1  1  -1  2   3  1  0  0  0  0/3    19:38   7:20   1:20 
Cody Hodgson             1  0  1  -1  0   2  2  0  0  0  8/13   19:26   7:36   0:00 
Colby Robak              0  0  0  -1  0   1  0  1  0  0  0/0    13:21   0:23   1:08 
Corban Knight            0  0  0  -1  0   0  0  0  0  0  0/1    11:20   0:00   0:00 
Derek Stepan             0  0  0   0  0   1  0  0  0  0  15/27  22:40   7:36   0:39 
John Persson             0  0  0   0  0   0  1  0  0  0  1/1     6:24   0:00   0:14 
Keith Yandle             0  0  0   0  0   2  3  2  0  0  0/0    24:56   7:06   0:00 
Kevin Shattenkirk        0  0  0   0  0   3  3  2  0  0  0/0    25:35   6:37   1:08 
Marcel Goc               0  0  0   0  0   1  0  0  0  0  4/7     6:40   0:00   1:16 
Markus Granlund          0  0  0  -1  0   0  0  0  0  0  5/9    11:20   0:00   0:00 
Quinton Howden           0  0  0  -1  0   0  0  1  0  0  0/0    11:49   0:00   0:29 
Riley Sheahan            1  0  1  -1  0   2  0  0  0  0  7/14   19:06   7:20   0:00 
Ryane Clowe              0  0  0   0  2   1  7  0  0  0  0/1    20:12   7:20   0:00 
Sami Vatanen             0  2  2  -1  0   3  6  1  0  0  0/0    21:43   7:27   0:51 
Scottie Upshall          0  0  0   0  0   0  0  0  0  0  0/0     5:54   0:00   0:00 
Tyson Barrie             0  1  1  -1  0   1  0  1  0  0  0/0    22:40   7:27   0:51 
Victor Bartley           0  0  0  -1  0   0  1  0  0  0  0/0    11:45   0:52   0:00 
Vincent Lecavalier       0  0  0   0  0   5  0  0  0  0  0/0    21:31   7:36   0:00 

Players Stats for Rangers

Player Name              G  A  P  +/- PIM S  H  SB GA TA FO     MP     PP MP  PK MP  
------------------------------------------------------------------------------------
Alex Goligoski           0  1  1   1  4   0  6  4  0  0  0/0    22:12   1:08   2:41 
Andrew Ference           0  0  0   0  0   0  1  0  0  0  0/0     0:46   0:00   0:46 
Anton Volchenkov         0  0  0   0  4   2  1  2  0  0  0/0    19:03   0:00   5:51 
Benoit Pouliot           0  0  0   0  0   0  1  0  0  0  0/0     6:26   0:00   0:10 
Bryan Allen              0  0  0   1  6   0  5  0  0  0  0/0    10:40   0:00   0:00 
Chris Tanev              0  1  1   0  0   1  0  2  0  0  0/0    22:38   0:00   8:41 
Craig Smith              0  0  0   1  0   4  0  0  0  0  2/3    13:55   0:51   0:00 
David Legwand            0  0  0   0  0   2  0  0  0  0  6/11   13:09   0:00   0:46 
Derek Morris             0  0  0   0  0   0  1  1  0  0  0/0     5:22   1:08   0:00 
Jaromir Jagr             2  0  2   1  0   4  0  0  0  0  3/5    18:26   1:08   0:00 
Joffrey Lupul            0  0  0   1  0   1  4  1  0  0  2/2    22:12   0:51   4:33 
Karl Alzner              0  1  1   1  0   1  0  1  0  0  0/0    18:37   0:51   6:19 
Kris Russell             0  1  1   1  4   0  0  1  0  0  0/0    20:34   0:51   5:33 
Mikael Backlund          1  0  1   1  0   7  0  0  0  0  6/17   23:33   1:08   9:15 
Sean Couturier           0  1  1   1  0   3  1  0  0  0  16/34  23:17   0:51   9:45 
Steve Downie             0  0  0   0  0   2  0  0  0  0  0/0    11:28   0:00   0:00 
Tomas Tatar              0  0  0   0  0   2  1  0  0  0  0/0    11:48   0:00   0:00 
Tyler Ennis              0  1  1   1  0   0  3  0  0  0  1/4    18:02   1:08   4:34 

3 Stars

1 - Jaromir Jagr (NYR)
2 - Sami Vatanen (COL)
3 - Mikael Backlund (NYR)

Power Play

Avalanche - 1 on 8 Attempt(s) - 12.50%
Rangers - 0 on 1 Attempt(s) - 0.00%

Penalty Kill

Avalanche - 1 on 1 Attempt(s) - 100.00% - Score 0 goal in Penalty Kill
Rangers - 7 on 8 Attempt(s) - 87.50% - Score 0 goal in Penalty Kill

Team Stat

Avalanche - Hits : 24 - Faceoff Wins : 40 - Blocked Shots : 8 - Penalty Minutes : 4
Rangers - Hits : 24 - Faceoff Wins : 36 - Blocked Shots : 12 - Penalty Minutes : 18

Official

Referees : Steve Kozari and Chris Lee
Linesman : Jay Sharrers and Matt MacPherson

Game Notes

No Game Note

Finance

Level 1 -- Attendance: 4628 (71.20%) -- Ticket Income $578,500
Level 2 -- Attendance: 4414 (88.28%) -- Ticket Income $331,050
Level 3 -- Attendance: 3412 (97.49%) -- Ticket Income $170,600
Level 4 -- Attendance: 2200 (100.00%) -- Ticket Income $55,000
Luxury Box -- Attendance: 644 (64.40%) -- Ticket Income $161,000
Game was played at the Madison Square Garden'
Total Attendance: 15298 (84.05%)
Total Ticket Income: $1,296,150
Other Income: $194,422
Total Income: $1,490,572

% Time on Ice - Avalanche

Lines # - Real PCT - Wanted PCT - Time Play
Normal Forward
1 - 32% - 40% - 12:53
2 - 27% - 35% - 10:59
3 - 28% - 20% - 11:20
4 - 13% - 5% - 5:24
Normal Defense
1 - 40% - 40% - 16:03
2 - 33% - 30% - 13:25
3 - 27% - 20% - 10:53
4 - 1% - 10% - 0:15
PP Forward
1 - 51% - 60% - 7:36
2 - 49% - 40% - 7:20
PP Defense
1 - 50% - 60% - 7:29
2 - 50% - 40% - 7:27
PK Forward
1 - 76% - 60% - 1:30
2 - 24% - 40% - 0:29
PK Defense
1 - 57% - 60% - 1:08
2 - 43% - 40% - 0:51
PK3 Forward
1 - 0% - 60%
2 - 0% - 40%
PK3 Defense
1 - 0% - 60%
2 - 0% - 40%
44 Forward
1 - 82% - 60% - 1:38
2 - 18% - 40% - 0:21
44 Defense
1 - 52% - 60% - 1:02
2 - 48% - 40% - 0:57
Last Minute Offensive  - 0:30
Last Minute Defensive  - 0:00
Total
Forward - 60:00
Defense - 60:00

% Time on Ice - Rangers

Lines # - Real PCT - Wanted PCT - Time Play
Normal Forward
1 - 28% - 40% - 11:16
2 - 30% - 30% - 12:20
3 - 28% - 20% - 11:28
4 - 14% - 10% - 5:32
Normal Defense
1 - 32% - 40% - 12:56
2 - 31% - 30% - 12:43
3 - 26% - 20% - 10:43
4 - 10% - 10% - 4:14
PP Forward
1 - 57% - 60% - 1:08
2 - 43% - 40% - 0:51
PP Defense
1 - 57% - 60% - 1:08
2 - 43% - 40% - 0:51
PK Forward
1 - 69% - 60% - 9:44
2 - 31% - 40% - 4:23
PK Defense
1 - 47% - 60% - 6:39
2 - 53% - 40% - 7:28
PK3 Forward
1 - 63% - 60% - 0:31
2 - 37% - 40% - 0:18
PK3 Defense
1 - 100% - 60% - 0:49
2 - 0% - 40% - 0:00
44 Forward
1 - 83% - 60% - 1:39
2 - 17% - 40% - 0:20
44 Defense
1 - 63% - 60% - 1:15
2 - 37% - 40% - 0:44
Last Minute Offensive  - 0:00
Last Minute Defensive  - 0:30
Total
Forward - 60:00
Defense - 60:00

Play by Play

1st period


0:01 of 1st period - Derek Stepan wins face-off versus Sean Couturier in neutral zone.
0:15 of 1st period - Minor Penalty to Alex Goligoski for High sticking.
0:16 of 1st period - Sean Couturier wins face-off versus Derek Stepan in Rangers zone.
0:42 of 1st period - Shot by Sami Vatanen.
0:42 of 1st period - Shot Blocked by Joffrey Lupul.
1:11 of 1st period - Kevin Shattenkirk is hit by Sean Couturier and loses puck.
1:25 of 1st period - Minor Penalty to Anton Volchenkov for Holding.
1:26 of 1st period - Sean Couturier wins face-off versus Riley Sheahan in Rangers zone.
1:43 of 1st period - Shot by Keith Yandle.
1:43 of 1st period - Stopped by Brian Elliott without a rebound.
1:44 of 1st period - Derek Stepan wins face-off versus Mikael Backlund in Rangers zone.
2:16 of 1st period - Shot by Tyson Barrie.
2:16 of 1st period - Deflect By Vincent Lecavalier.
2:16 of 1st period - Shot Blocked by Alex Goligoski.
2:52 of 1st period - Shot by Kevin Shattenkirk.
2:52 of 1st period - Stopped by Brian Elliott without a rebound.
2:53 of 1st period - Riley Sheahan wins face-off versus Tyler Ennis in Rangers zone.
3:11 of 1st period - Off-side.
3:12 of 1st period - Sean Couturier wins face-off versus Derek Stepan in neutral zone.
3:21 of 1st period - Shot by Mikael Backlund.
3:21 of 1st period - Stopped by Martin Jones with a rebound.
4:06 of 1st period - Shot by Steve Downie.
4:06 of 1st period - Stopped by Martin Jones without a rebound.
4:07 of 1st period - Jaromir Jagr wins face-off versus Derek Stepan in Avalanche zone.
4:07 of 1st period - Benoit Pouliot is hit by Keith Yandle and loses puck.
4:36 of 1st period - Benoit Pouliot is hit by Keith Yandle and loses puck.
4:41 of 1st period - Shot by Jaromir Jagr.
4:41 of 1st period - Stopped by Martin Jones without a rebound.
4:42 of 1st period - Cody Hodgson wins face-off versus Mikael Backlund in Avalanche zone.
5:31 of 1st period - Mikael Backlund is hit by Cody Hodgson and loses puck.
6:20 of 1st period - Shot by Derek Stepan.
6:20 of 1st period - Deflect By Vincent Lecavalier.
6:20 of 1st period - Shot Blocked by Alex Goligoski.
6:22 of 1st period - Shot by Vincent Lecavalier.
6:22 of 1st period - Shot Blocked by Kris Russell.
6:32 of 1st period - Markus Granlund is hit by Tyler Ennis.
6:59 of 1st period - Icing by Craig Smith.
7:00 of 1st period - Marcel Goc wins face-off versus Mikael Backlund in Rangers zone.
7:03 of 1st period - Shot by Sami Vatanen.
7:03 of 1st period - Stopped by Brian Elliott without a rebound.
7:04 of 1st period - Sean Couturier wins face-off versus Cody Hodgson in Rangers zone.
7:21 of 1st period - Shot by Cody Hodgson.
7:21 of 1st period - Goal by Cody Hodgson - Avalanche : 1 - Rangers : 0.
7:22 of 1st period - Derek Stepan wins face-off versus David Legwand in neutral zone.
7:43 of 1st period - Shot by Steve Downie.
7:43 of 1st period - Stopped by Martin Jones without a rebound.
7:44 of 1st period - Sean Couturier wins face-off versus Cody Hodgson in Avalanche zone.
7:55 of 1st period - Icing by Tyson Barrie.
7:56 of 1st period - Sean Couturier wins face-off versus Christopher Higgins in Avalanche zone.
8:15 of 1st period - Icing by Bryan Allen.
8:16 of 1st period - Sean Couturier wins face-off versus Derek Stepan in Rangers zone.
8:20 of 1st period - Icing by Karl Alzner.
8:21 of 1st period - Derek Stepan wins face-off versus Jaromir Jagr in Rangers zone.
8:27 of 1st period - Derek Stepan is hit by Bryan Allen and loses puck.
9:13 of 1st period - Derek Stepan is hit by Anton Volchenkov and loses puck.
9:59 of 1st period - Minor Penalty to Anton Volchenkov for Hooking.
9:59 of 1st period - Minor Penalty to Christopher Higgins for Tripping.
10:00 of 1st period - Riley Sheahan wins face-off versus David Legwand in Rangers zone.
10:59 of 1st period - Shot by Craig Smith.
10:59 of 1st period - Shot Misses the Net.
11:19 of 1st period - Shot by Benoit Pouliot.
11:19 of 1st period - Shot Misses the Net.
11:21 of 1st period - Shot by Karl Alzner.
11:21 of 1st period - Shot Blocked by Keith Yandle.
11:23 of 1st period - Shot by Karl Alzner.
11:23 of 1st period - Stopped by Martin Jones with a rebound.
11:47 of 1st period - Shot by Tyson Barrie.
11:47 of 1st period - Stopped by Brian Elliott without a rebound.
11:48 of 1st period - David Legwand wins face-off versus Cody Hodgson in Rangers zone.
12:17 of 1st period - Shot by Jaromir Jagr.
12:17 of 1st period - Goal by Jaromir Jagr - Avalanche : 1 - Rangers : 1.
12:18 of 1st period - Mikael Backlund wins face-off versus Marcel Goc in neutral zone.
12:50 of 1st period - Alex Goligoski is hit by John Persson and loses puck.
12:54 of 1st period - Derek Morris is hit by Sami Vatanen and loses puck.
13:34 of 1st period - Sami Vatanen is hit by Joffrey Lupul and loses puck.
14:04 of 1st period - Icing by Anton Volchenkov.
14:05 of 1st period - Cody Hodgson wins face-off versus Sean Couturier in Rangers zone.
14:47 of 1st period - Shot by Riley Sheahan.
14:47 of 1st period - Shot Blocked by Anton Volchenkov.
15:27 of 1st period - Shot by David Legwand.
15:27 of 1st period - Stopped by Martin Jones without a rebound.
15:28 of 1st period - Markus Granlund wins face-off versus Mikael Backlund in Avalanche zone.
17:35 of 1st period - Alex Goligoski is hit by Victor Bartley and loses puck.
18:43 of 1st period - Shot by Anton Volchenkov.
18:43 of 1st period - Shot Blocked by Tyson Barrie.
18:49 of 1st period - Shot by Craig Smith.
18:49 of 1st period - Stopped by Martin Jones with a rebound.
18:51 of 1st period - Shot by Chris Tanev.
18:51 of 1st period - Stopped by Martin Jones with a rebound.
19:29 of 1st period - Shot by Marcel Goc.
19:29 of 1st period - Stopped by Brian Elliott without a rebound.
19:30 of 1st period - Derek Stepan wins face-off versus David Legwand in Rangers zone.
19:32 of 1st period - Minor Penalty to Bryan Allen for Roughing.
19:33 of 1st period - Derek Stepan wins face-off versus Sean Couturier in Rangers zone.
Goals for this period are 1 for Avalanche vs 1 for Rangers.
Shots for this period are 6 for Avalanche vs 9 for Rangers.

2nd period


0:01 of 2nd period - Mikael Backlund wins face-off versus Derek Stepan in neutral zone.
0:59 of 2nd period - Off-side.
1:00 of 2nd period - Riley Sheahan wins face-off versus Tyler Ennis in neutral zone.
1:28 of 2nd period - Shot by Sami Vatanen.
1:28 of 2nd period - Shot Misses the Net.
1:34 of 2nd period - Shot by Colby Robak.
1:34 of 2nd period - Stopped by Brian Elliott without a rebound.
1:35 of 2nd period - David Legwand wins face-off versus Markus Granlund in Rangers zone.
1:49 of 2nd period - Shot by David Legwand.
1:49 of 2nd period - Shot Hit the Post.
2:01 of 2nd period - Shot by David Legwand.
2:01 of 2nd period - Deflect By Tomas Tatar.
2:01 of 2nd period - Stopped by Martin Jones without a rebound.
2:02 of 2nd period - Cody Hodgson wins face-off versus Jaromir Jagr in Avalanche zone.
2:35 of 2nd period - Kevin Shattenkirk is hit by Benoit Pouliot and loses puck.
2:48 of 2nd period - Icing by Anton Volchenkov.
2:49 of 2nd period - Jaromir Jagr wins face-off versus Derek Stepan in Rangers zone.
3:08 of 2nd period - Shot by Derek Stepan.
3:08 of 2nd period - Shot Misses the Net.
4:09 of 2nd period - Kris Russell is hit by Ryane Clowe and loses puck.
4:39 of 2nd period - David Legwand is hit by Cody Hodgson and loses puck.
5:15 of 2nd period - Icing by Kevin Shattenkirk.
5:16 of 2nd period - Cody Hodgson wins face-off versus Sean Couturier in Avalanche zone.
5:16 of 2nd period - Christopher Higgins is hit by Joffrey Lupul and loses puck.
5:27 of 2nd period - Shot by Jaromir Jagr.
5:27 of 2nd period - Shot Misses the Net.
5:29 of 2nd period - Shot by Anton Volchenkov.
5:29 of 2nd period - Shot Misses the Net.
5:52 of 2nd period - Shot by Joffrey Lupul.
5:52 of 2nd period - Shot Blocked by Keith Yandle.
6:01 of 2nd period - Icing by Kevin Shattenkirk.
6:02 of 2nd period - Craig Smith wins face-off versus Cody Hodgson in Avalanche zone.
6:02 of 2nd period - Craig Smith is hit by Kevin Shattenkirk.
6:10 of 2nd period - Shot by Mikael Backlund.
6:10 of 2nd period - Shot Misses the Net.
6:21 of 2nd period - Mikael Backlund is hit by Keith Yandle and loses puck.
6:26 of 2nd period - Shot by Craig Smith.
6:26 of 2nd period - Stopped by Martin Jones without a rebound.
6:27 of 2nd period - David Legwand wins face-off versus Corban Knight in Avalanche zone.
6:30 of 2nd period - Shot by David Legwand.
6:30 of 2nd period - Deflect By Tomas Tatar.
6:30 of 2nd period - Stopped by Martin Jones without a rebound.
6:31 of 2nd period - David Legwand wins face-off versus Markus Granlund in Avalanche zone.
8:01 of 2nd period - Shot by Joffrey Lupul.
8:01 of 2nd period - Shot Misses the Net.
8:22 of 2nd period - Icing by Chris Tanev.
8:23 of 2nd period - Marcel Goc wins face-off versus Sean Couturier in Rangers zone.
9:51 of 2nd period - Off-side.
9:52 of 2nd period - Markus Granlund wins face-off versus Sean Couturier in neutral zone.
10:02 of 2nd period - Icing by Chris Tanev.
10:03 of 2nd period - Joffrey Lupul wins face-off versus Ryane Clowe in Rangers zone.
10:12 of 2nd period - Shot by Sean Couturier.
10:12 of 2nd period - Stopped by Martin Jones with a rebound.
10:14 of 2nd period - Shot by Anton Volchenkov.
10:14 of 2nd period - Stopped by Martin Jones without a rebound.
10:15 of 2nd period - Riley Sheahan wins face-off versus Craig Smith in Avalanche zone.
10:15 of 2nd period - Riley Sheahan is hit by Tyler Ennis.
10:20 of 2nd period - Tyson Barrie is hit by Alex Goligoski and loses puck.
10:42 of 2nd period - Icing by Sami Vatanen.
10:43 of 2nd period - Cody Hodgson wins face-off versus Sean Couturier in Avalanche zone.
11:06 of 2nd period - Shot by Christopher Higgins.
11:06 of 2nd period - Shot Blocked by Chris Tanev.
11:24 of 2nd period - Shot by Derek Stepan.
11:24 of 2nd period - Stopped by Brian Elliott with a rebound.
11:26 of 2nd period - Shot by Vincent Lecavalier.
11:26 of 2nd period - Stopped by Brian Elliott with a rebound.
11:28 of 2nd period - Shot by Derek Stepan.
11:28 of 2nd period - Shot Misses the Net.
11:30 of 2nd period - Shot by Vincent Lecavalier.
11:30 of 2nd period - Stopped by Brian Elliott without a rebound.
11:31 of 2nd period - Markus Granlund wins face-off versus Mikael Backlund in Rangers zone.
11:46 of 2nd period - Shot by Tyler Ennis.
11:46 of 2nd period - Shot Blocked by Quinton Howden.
11:48 of 2nd period - Shot by Tyler Ennis.
11:48 of 2nd period - Shot Misses the Net.
11:53 of 2nd period - Colby Robak is hit by Alex Goligoski and loses puck.
12:09 of 2nd period - Corban Knight is hit by Alex Goligoski.
12:23 of 2nd period - Tyler Ennis is hit by Ryane Clowe and loses puck.
12:41 of 2nd period - Double Minor Penalty to Kris Russell for Roughing.
12:42 of 2nd period - Sean Couturier wins face-off versus Riley Sheahan in Rangers zone.
13:17 of 2nd period - Shot by Ryane Clowe.
13:17 of 2nd period - Stopped by Brian Elliott without a rebound.
13:18 of 2nd period - Derek Stepan wins face-off versus Sean Couturier in Rangers zone.
13:21 of 2nd period - Shot by Kevin Shattenkirk.
13:21 of 2nd period - Shot Blocked by Chris Tanev.
13:37 of 2nd period - Shot by Keith Yandle.
13:37 of 2nd period - Shot Misses the Net.
13:51 of 2nd period - Shot by Keith Yandle.
13:51 of 2nd period - Shot Blocked by Karl Alzner.
14:03 of 2nd period - Shot by Keith Yandle.
14:03 of 2nd period - Stopped by Brian Elliott without a rebound.
14:04 of 2nd period - Tyler Ennis wins face-off versus Riley Sheahan in Rangers zone.
14:19 of 2nd period - Andrew Ference is hit by Christopher Higgins and loses puck.
14:27 of 2nd period - Riley Sheahan is hit by Andrew Ference.
14:31 of 2nd period - Shot by Tyson Barrie.
14:31 of 2nd period - Shot Misses the Net.
14:33 of 2nd period - Shot by Sami Vatanen.
14:33 of 2nd period - Deflect By Riley Sheahan.
14:33 of 2nd period - Goal by Riley Sheahan - Avalanche : 2 - Rangers : 1.
14:34 of 2nd period - Derek Stepan wins face-off versus Sean Couturier in neutral zone.
14:51 of 2nd period - Shot by Kevin Shattenkirk.
14:51 of 2nd period - Stopped by Brian Elliott without a rebound.
14:52 of 2nd period - Riley Sheahan wins face-off versus Sean Couturier in Rangers zone.
14:53 of 2nd period - Shot by Sami Vatanen.
14:53 of 2nd period - Stopped by Brian Elliott with a rebound.
14:55 of 2nd period - Shot by Christopher Higgins.
14:55 of 2nd period - Stopped by Brian Elliott without a rebound.
14:56 of 2nd period - Sean Couturier wins face-off versus Christopher Higgins in Rangers zone.
15:05 of 2nd period - Chris Tanev is hit by Ryane Clowe and loses puck.
15:20 of 2nd period - Shot by Riley Sheahan.
15:20 of 2nd period - Stopped by Brian Elliott without a rebound.
15:21 of 2nd period - Derek Stepan wins face-off versus Sean Couturier in Rangers zone.
15:22 of 2nd period - Shot by Keith Yandle.
15:22 of 2nd period - Shot Misses the Net.
15:54 of 2nd period - Shot by Vincent Lecavalier.
15:54 of 2nd period - Stopped by Brian Elliott with a rebound.
15:58 of 2nd period - Shot by Vincent Lecavalier.
15:58 of 2nd period - Stopped by Brian Elliott without a rebound.
15:59 of 2nd period - Sean Couturier wins face-off versus Riley Sheahan in Rangers zone.
17:25 of 2nd period - Shot by Scottie Upshall.
17:25 of 2nd period - Shot Misses the Net.
17:34 of 2nd period - Icing by Kris Russell.
17:35 of 2nd period - Derek Stepan wins face-off versus David Legwand in Rangers zone.
17:44 of 2nd period - Shot by Derek Stepan.
17:44 of 2nd period - Deflect By Vincent Lecavalier.
17:44 of 2nd period - Stopped by Brian Elliott without a rebound.
17:45 of 2nd period - Cody Hodgson wins face-off versus Sean Couturier in Rangers zone.
18:06 of 2nd period - Shot by Cody Hodgson.
18:06 of 2nd period - Shot Misses the Net.
18:14 of 2nd period - Shot by Riley Sheahan.
18:14 of 2nd period - Shot Misses the Net.
18:26 of 2nd period - Shot by Christopher Higgins.
18:26 of 2nd period - Stopped by Brian Elliott without a rebound.
18:27 of 2nd period - Derek Stepan wins face-off versus Mikael Backlund in Rangers zone.
19:34 of 2nd period - Shot by Sean Couturier.
19:34 of 2nd period - Stopped by Martin Jones with a rebound.
19:54 of 2nd period - Icing by Victor Bartley.
19:55 of 2nd period - David Legwand wins face-off versus Markus Granlund in Avalanche zone.
Goals for this period are 1 for Avalanche vs 0 for Rangers.
Shots for this period are 15 for Avalanche vs 6 for Rangers.

3rd period


0:01 of 3rd period - Sean Couturier wins face-off versus Derek Stepan in neutral zone.
0:04 of 3rd period - Kevin Shattenkirk is hit by Joffrey Lupul and loses puck.
0:20 of 3rd period - Jaromir Jagr is hit by Kevin Shattenkirk.
0:34 of 3rd period - Shot by Alex Goligoski.
0:34 of 3rd period - Shot Blocked by Kevin Shattenkirk.
0:36 of 3rd period - Shot by Kris Russell.
0:36 of 3rd period - Shot Misses the Net.
0:38 of 3rd period - Shot by Jaromir Jagr.
0:38 of 3rd period - Stopped by Martin Jones without a rebound.
0:39 of 3rd period - Mikael Backlund wins face-off versus Cody Hodgson in Avalanche zone.
0:39 of 3rd period - Tyler Ennis is hit by Sami Vatanen and loses puck.
0:56 of 3rd period - Shot by Mikael Backlund.
0:56 of 3rd period - Shot Misses the Net.
1:16 of 3rd period - Shot by Mikael Backlund.
1:16 of 3rd period - Goal by Mikael Backlund - Avalanche : 2 - Rangers : 2.
1:17 of 3rd period - Markus Granlund wins face-off versus Sean Couturier in neutral zone.
1:30 of 3rd period - Shot by Keith Yandle.
1:30 of 3rd period - Shot Blocked by Alex Goligoski.
1:32 of 3rd period - Shot by Kevin Shattenkirk.
1:32 of 3rd period - Stopped by Brian Elliott without a rebound.
1:33 of 3rd period - David Legwand wins face-off versus Derek Stepan in Rangers zone.
1:33 of 3rd period - David Legwand is hit by Ryane Clowe.
1:56 of 3rd period - Ryane Clowe is hit by Bryan Allen and loses puck.
2:10 of 3rd period - Minor Penalty to Bryan Allen for Close Hand On Puck.
2:11 of 3rd period - Riley Sheahan wins face-off versus Mikael Backlund in Rangers zone.
2:12 of 3rd period - Shot by Kevin Shattenkirk.
2:12 of 3rd period - Shot Misses the Net.
2:52 of 3rd period - Icing by Kevin Shattenkirk.
2:53 of 3rd period - Sean Couturier wins face-off versus Riley Sheahan in Avalanche zone.
2:57 of 3rd period - Icing by Keith Yandle.
2:58 of 3rd period - Riley Sheahan wins face-off versus Sean Couturier in Avalanche zone.
3:26 of 3rd period - Icing by Tyson Barrie.
3:27 of 3rd period - Sean Couturier wins face-off versus Derek Stepan in Avalanche zone.
3:27 of 3rd period - Sean Couturier is hit by Sami Vatanen.
3:33 of 3rd period - Shot by Sean Couturier.
3:33 of 3rd period - Shot Blocked by Sami Vatanen.
3:50 of 3rd period - Icing by Derek Stepan.
3:51 of 3rd period - Derek Stepan wins face-off versus Tyler Ennis in Avalanche zone.
4:30 of 3rd period - Off-side.
4:31 of 3rd period - Sean Couturier wins face-off versus Marcel Goc in neutral zone.
4:56 of 3rd period - Shot by Joffrey Lupul.
4:56 of 3rd period - Stopped by Martin Jones without a rebound.
4:57 of 3rd period - Derek Stepan wins face-off versus Mikael Backlund in Avalanche zone.
5:12 of 3rd period - Minor Penalty to Ryane Clowe for High sticking.
5:13 of 3rd period - Marcel Goc wins face-off versus Mikael Backlund in Avalanche zone.
6:14 of 3rd period - Sami Vatanen is hit by Joffrey Lupul and loses puck.
6:22 of 3rd period - Joffrey Lupul is hit by Sami Vatanen and loses puck.
6:41 of 3rd period - Shot by Kris Russell.
6:41 of 3rd period - Shot Misses the Net.
7:03 of 3rd period - Shot by Alex Goligoski.
7:03 of 3rd period - Shot Blocked by Colby Robak.
7:05 of 3rd period - Shot by Derek Morris.
7:05 of 3rd period - Shot Blocked by Kevin Shattenkirk.
7:07 of 3rd period - Shot by Mikael Backlund.
7:07 of 3rd period - Stopped by Martin Jones without a rebound.
7:08 of 3rd period - John Persson wins face-off versus Mikael Backlund in Avalanche zone.
7:27 of 3rd period - Shot by David Legwand.
7:27 of 3rd period - Shot Misses the Net.
7:29 of 3rd period - Shot by Anton Volchenkov.
7:29 of 3rd period - Stopped by Martin Jones with a rebound.
7:49 of 3rd period - Shot by Tomas Tatar.
7:49 of 3rd period - Shot Misses the Net.
8:16 of 3rd period - Keith Yandle is hit by Bryan Allen and loses puck.
9:43 of 3rd period - Cody Hodgson is hit by Bryan Allen and loses puck.
9:46 of 3rd period - Shot by Christopher Higgins.
9:46 of 3rd period - Stopped by Brian Elliott without a rebound.
9:46 of 3rd period - Minor Penalty to Bryan Allen for Interference.
9:47 of 3rd period - Sean Couturier wins face-off versus Riley Sheahan in Rangers zone.
10:25 of 3rd period - Chris Tanev is hit by Ryane Clowe and loses puck.
10:50 of 3rd period - Icing by Keith Yandle.
10:51 of 3rd period - Derek Stepan wins face-off versus Sean Couturier in Avalanche zone.
11:15 of 3rd period - Keith Yandle is hit by Alex Goligoski and loses puck.
11:18 of 3rd period - Shot by Keith Yandle.
11:18 of 3rd period - Shot Misses the Net.
11:53 of 3rd period - Shot by Colby Robak.
11:53 of 3rd period - Shot Blocked by Alex Goligoski.
11:59 of 3rd period - Shot by David Legwand.
11:59 of 3rd period - Stopped by Martin Jones without a rebound.
12:00 of 3rd period - Markus Granlund wins face-off versus David Legwand in Avalanche zone.
12:00 of 3rd period - Markus Granlund is hit by Tomas Tatar.
12:16 of 3rd period - Shot by Quinton Howden.
12:16 of 3rd period - Shot Blocked by Derek Morris.
12:30 of 3rd period - Steve Downie is hit by Sami Vatanen and loses puck.
12:48 of 3rd period - Icing by Quinton Howden.
12:49 of 3rd period - Mikael Backlund wins face-off versus Markus Granlund in Avalanche zone.
12:50 of 3rd period - Shot by Craig Smith.
12:50 of 3rd period - Stopped by Martin Jones with a rebound.
12:55 of 3rd period - Craig Smith is hit by Sami Vatanen and loses puck.
13:04 of 3rd period - Shot by Chris Tanev.
13:04 of 3rd period - Shot Misses the Net.
13:06 of 3rd period - Shot by Mikael Backlund.
13:06 of 3rd period - Stopped by Martin Jones without a rebound.
13:07 of 3rd period - Sean Couturier wins face-off versus Derek Stepan in Avalanche zone.
13:15 of 3rd period - Keith Yandle is hit by Bryan Allen and loses puck.
14:15 of 3rd period - Christopher Higgins is hit by Alex Goligoski and loses puck.
14:16 of 3rd period - Minor Penalty to Alex Goligoski for Roughing.
14:17 of 3rd period - Mikael Backlund wins face-off versus Christopher Higgins in Rangers zone.
14:17 of 3rd period - Mikael Backlund is hit by Ryane Clowe.
14:23 of 3rd period - Shot by Sean Couturier.
14:23 of 3rd period - Shot Misses the Net.
14:33 of 3rd period - Shot by Mikael Backlund.
14:33 of 3rd period - Stopped by Martin Jones without a rebound.
14:34 of 3rd period - Joffrey Lupul wins face-off versus Derek Stepan in Avalanche zone.
14:47 of 3rd period - Shot by Tyson Barrie.
14:47 of 3rd period - Shot Blocked by Anton Volchenkov.
14:49 of 3rd period - Shot by Sami Vatanen.
14:49 of 3rd period - Stopped by Brian Elliott without a rebound.
14:50 of 3rd period - Mikael Backlund wins face-off versus Riley Sheahan in Rangers zone.
14:50 of 3rd period - Mikael Backlund is hit by Ryane Clowe.
16:19 of 3rd period - Victor Bartley is hit by Derek Morris and loses puck.
16:53 of 3rd period - Markus Granlund is hit by Alex Goligoski and loses puck.
17:23 of 3rd period - Icing by Keith Yandle.
17:24 of 3rd period - Jaromir Jagr wins face-off versus Marcel Goc in Avalanche zone.
17:52 of 3rd period - Joffrey Lupul is hit by Kevin Shattenkirk and loses puck.
17:56 of 3rd period - Icing by Keith Yandle.
17:57 of 3rd period - Marcel Goc wins face-off versus Mikael Backlund in Avalanche zone.
18:22 of 3rd period - Shot by Mikael Backlund.
18:22 of 3rd period - Stopped by Martin Jones without a rebound.
18:23 of 3rd period - Cody Hodgson wins face-off versus Sean Couturier in Avalanche zone.
18:40 of 3rd period - Shot by Jaromir Jagr.
18:40 of 3rd period - Goal by Jaromir Jagr - Avalanche : 2 - Rangers : 3.
18:41 of 3rd period - Craig Smith wins face-off versus Derek Stepan in neutral zone.
18:44 of 3rd period - Vincent Lecavalier is hit by Tyler Ennis and loses puck.
18:53 of 3rd period - Shot by Craig Smith.
18:53 of 3rd period - Stopped by Martin Jones with a rebound.
18:55 of 3rd period - Shot by Tyler Ennis.
18:55 of 3rd period - Deflect By Mikael Backlund.
18:55 of 3rd period - Stopped by Martin Jones without a rebound.
18:56 of 3rd period - Cody Hodgson wins face-off versus Sean Couturier in Avalanche zone.
19:09 of 3rd period - Shot by Sean Couturier.
19:09 of 3rd period - Stopped by Martin Jones with a rebound.
19:17 of 3rd period - Avalanche, Martin Jones is pulled from the net.
19:29 of 3rd period - Shot by Cody Hodgson.
19:29 of 3rd period - Stopped by Brian Elliott without a rebound.
19:30 of 3rd period - Derek Stepan wins face-off versus Sean Couturier in Rangers zone.
Goals for this period are 0 for Avalanche vs 2 for Rangers.
Shots for this period are 4 for Avalanche vs 14 for Rangers.


Output by the SimonT Hockey Simulator (STHS) for Stephane Roy -- Original Page W3C XHTML 1.0 Valid
Hockey Simulator - Hockey Simulation - Hockey Manager